 Dungeon Crawl Stone Soup version 0.30-a0-1161-g0704695555 (webtiles) character file.

Game seed: 7188291382749791800

377 Pooter the Chopper (level 6, 0/56 HPs)
             Began as a Minotaur Berserker on Apr 27, 2023.
             Was a Believer of Trog.
             Slain by a wight
             ... wielding a +2 battleaxe of freezing
              (12 damage)
             ... on level 4 of the Dungeon.
             The game lasted 00:10:53 (2072 turns).

Pooter the Chopper (Minotaur Berserker)             Turns: 2072, Time: 00:10:53

Health: 0/56       AC:  7    Str: 24    XL:     6   Next: 45%
Magic:  5/5        EV: 11    Int:  7    God:    Trog [**....]
Gold:   200        SH:  0    Dex:  9    Spells: 5/5 levels left

rFire   . . .        a - +0 war axe
rCold   . . .        (no shield)
rNeg    + + .        m - +0 ring mail of the Dice {rPois rN+ Int+3}
rPois   +            (helmet restricted)
rElec   .            (no cloak)
rCorr   .            n - +1 pair of gloves
SInv    +            (no boots)
Will    .....        (no amulet)
Stlth   +            N - ring of positive energy
HPRegen 0.29/turn    S - ring of see invisible
MPRegen 0.09/turn

%: no passive effects
@: on berserk cooldown, slowed, very slow
A: horns 2, retaliatory headbutt
a: Renounce Religion, Berserk, Trog's Hand


You were on level 4 of the Dungeon.
You worshipped Trog.
Trog was pleased with you.
You visited 1 branch of the dungeon, and saw 4 of its levels.

You collected 200 gold pieces.

Inventory:

Hand Weapons
 a - a +0 war axe (weapon)
   (You found it on level 3 of the Dungeon)
 b - a +0 sling
   (You found it on level 1 of the Dungeon)
Missiles
 Q - 43 stones (quivered)
Armour
 k - a +0 chain mail
   (You found it on level 2 of the Dungeon)
 m - the +0 ring mail of the Dice (worn) {rPois rN+ Int+3}
   (You found it on level 2 of the Dungeon)

   Int:       It affects your intelligence (+3).
   rPois:     It protects you from poison.
   rN:        It protects you from negative energy.
 n - a +1 pair of gloves (worn)
   (You found it on level 2 of the Dungeon)
Jewellery
 N - a ring of positive energy (left hand)
   (You found it on level 2 of the Dungeon)
 S - a ring of see invisible (right hand)
   (You found it on level 4 of the Dungeon)
Scrolls
 c - a scroll of fog {unknown}
 d - a scroll of summoning
 f - a scroll of poison
 g - a scroll of immolation {unknown}
 o - a scroll of blinking {unknown}
 r - a scroll of amnesia {unknown}
 t - 2 scrolls of teleportation {@r4}
Potions
 e - a potion of berserk rage {unknown}
 h - a potion of heal wounds {unknown}
 j - a potion of mutation {unknown}
 l - 4 potions of curing {@q1}
 p - 2 potions of haste {unknown}
 q - a potion of attraction {unknown}
 s - a potion of ambrosia {unknown}
 u - a potion of degeneration {unknown}


   Skills:
 + Level 5.1 Fighting
 * Level 6.2 Axes
 * Level 4.1 Ranged Weapons
 - Level 2.4 Armour
 - Level 2.1 Dodging
 - Level 1.0 Stealth


You had 5 spell levels left.
You didn't know any spells.
Your spell library was empty.

Dungeon Overview and Level Annotations

Branches:
Dungeon (4/15)             Temple (0/1) D:4

Altars:


Innate Abilities, Weirdness & Mutations

You have a pair of horns on your head.
You reflexively headbutt those who attack you in melee.


Message History

The sling bullet barely misses the wight.
You shoot a sling bullet.
The sling bullet hits the wight but does no damage.
a - a +0 war axe (weapon)
The wight barely misses you.
A red film seems to cover your vision as you go berserk!
You feel yourself moving faster!
You feel mighty! The wight misses you.
A wight comes into view. It is wielding a +0 long sword.
You feel a strong urge to attack something.
You hit the wight. You headbutt the wight. The wight hits you with a +0 spear.
You partially resist.
You barely miss the wight. The wight misses you.
You slash the wight!
You destroy the wight!
Trog accepts your kill.
Your Fighting skill increases to level 5!
Your Axes skill increases to level 6! 2 wights come into view.
A wight is wielding a +2 battleaxe of freezing.
Things that are here:
a +0 spear; a +0 robe
Found a scroll labelled LEOHAVV YS UCH.
You feel a strong urge to attack something.
You slash the wight! You headbutt the wight!
The wight hits you with a +0 long sword!
You closely miss the wight.
The wight hits you with a +0 long sword!
You partially resist.
You feel drained.
You slash the wight!
You destroy the wight!
Trog accepts your kill.
Your life force feels restored.
Your Ranged Weapons skill increases to level 4!
Found 5 stones.
Things that are here:
a +0 long sword; a +0 robe You slash the wight!
Your headbutt misses the wight.
You are no longer berserk.
You are exhausted.
You feel yourself slow down. The wight closely misses you.
You hit the wight but do no damage. You barely miss the wight.
The wight hits you with a +2 battleaxe of freezing!!
* * * LOW HITPOINT WARNING * * *
The wight freezes you!
* * * LOW HITPOINT WARNING * * *
The wight hits you with a +4 scimitar.
* * * LOW HITPOINT WARNING * * *
The wight hits you with a +2 battleaxe of freezing!
You die...

..... # .#..........
.... # .......?... ..
.....### ........#.#..
#... ............ .
...... .........#.##..
.#.#.. .........#...(##.
#.#.. .....$.z...#.. ..
....
......z@...#.##.#.##.#..
.....#..........#....#..
... #.).##.#.#...#.....
. #......#.#.>.#.##.# .
##)..#............+ ..
#...#....#.#.#...# ...
#.....##.#.#.#.#.. ....
##.#...........#..
.....###.#.#.#.##.#.....


You could see 2 wights.

Vanquished Creatures
  An ogre (D:4)
  3 wights (D:4)
  7 adders
  A worm (D:2)
  2 dart slugs
  4 endoplasms
  3 giant cockroaches
  5 goblins
  6 hobgoblins
  A quokka (D:2)
  3 ball pythons
  A frilled lizard (D:1)
  7 kobolds
  3 rats
47 creatures vanquished.

Vanquished Creatures (collateral kills)
  3 gnolls (D:3)
  A hobgoblin (D:3)
4 creatures vanquished.

Grand Total: 51 creatures vanquished

Notes
Turn   | Place    | Note
-------+----------+-------------------------------------------
     0 | D:1      | Pooter the Minotaur Berserker began the quest for the Orb.
     0 | D:1      | Reached XP level 1. HP: 19/19 MP: 0/0
   310 | D:1      | Reached XP level 2. HP: 27/27 MP: 1/1
   339 | D:1      | Reached skill level 4 in Axes
   342 | D:1      | Reached skill level 1 in Stealth
   492 | D:2      | Identified the +0 ring mail of the Dice {rPois rN+ Int+3}
   639 | D:2      | Reached skill level 1 in Ranged Weapons
   669 | D:2      | Reached XP level 3. HP: 33/33 MP: 2/2
  1118 | D:2      | Reached ** piety under Trog
  1238 | D:3      | Reached XP level 4. HP: 40/40 MP: 3/3
  1722 | D:4      | Noticed an ogre
  1729 | D:4      | Reached skill level 5 in Axes
  1733 | D:4      | Killed an ogre
  1734 | D:4      | Reached XP level 5. HP: 47/47 MP: 4/4
  1973 | D:4      | Found a staircase to the Ecumenical Temple.
  2004 | D:4      | Reached XP level 6. HP: 55/55 MP: 5/5
  2065 | D:4      | Reached skill level 5 in Fighting
  2065 | D:4      | Reached skill level 6 in Axes
  2072 | D:4      | Slain by a wight

Illustrated notes

Levels and vault maps discovered:
D:1:      ncdulo_halloftheorcs, layout_basic
D:2:      layout_loops_cross
D:3:      layout_rooms
D:4:      layout_basic, minmay_temple_entry_ruins

Skill      XL: |  1  2  3  4  5  6 |
---------------+-------------------+-----
Axes           | 4 5 6 |  6.2
Stealth        | 1 |  1.0
Fighting       | 4 5 |  5.1
Ranged Weapons | 1 3 4 |  4.1
Armour         | |  2.4
Dodging        | |  2.1

Action                     |  1- 3 |  4- 6 || total
---------------------------+-------+-------++-------
  Melee: Hand axe          |    54 |       ||    54
         Headbutt          |     5 |     4 ||     9
         Punch             |     1 |       ||     1
         War axe           |       |    23 ||    23
   Fire: Sling             |    27 |    30 ||    57
  Throw: Stone             |       |     1 ||     1
 Invoke: Berserk           |     2 |     3 ||     5
    Use: Scroll            |     1 |     3 ||     4
 Armour: Ring mail         |    17 |     4 ||    21
  Dodge: Dodged            |    24 |    18 ||    42

Table legend: (Time is in decaauts)
 A = Elapsed time spent in this place.
 B = Non-inter-level travel time spent in this place.
 C = Inter-level travel time spent in this place.
 D = Time resting spent in this place.
 E = Time spent auto-exploring this place.
 F = Levels seen in this place.
 G = Mean time per level.
                   A        B        C        D        E       F      G
               +--------+--------+--------+--------+--------+-----+--------+
         Total |   2125 |   2066 |     59 |    322 |   1270 |   4 |  531.2 |
       Dungeon |   2125 |   2066 |     59 |    322 |   1270 |   4 |  531.2 |
               +--------+--------+--------+--------+--------+-----+--------+

Top non-repeatable levels by time:
     D:2: 843 daAuts
     D:4: 541 daAuts
     D:1: 406 daAuts
     D:3: 334 daAuts
